2274 views
Uploaded 2022-10-05 01:23:25
Game version 1.33
51:51 long 3on3 ladder game on (6)Monsoon_LV
Saved by GIGA
2274 views
Uploaded 2022-10-05 01:23:25
Game version 1.33
51:51 long 3on3 ladder game on (6)Monsoon_LV


114 units @ 12.2k
/ 1.8k
127 buildings @ 11.7k
/ 5.6k


| Peasant | 19 | 1425 | / | 0 |
| Dragonhawk Rider | 6 | 1200 | / | 180 |
| Sorceress | 4 | 620 | / | 80 |
| total: | 29 | 3245g | / | 260w |
| Scout Tower | 40 | 1200 | / | 800 |
| Arcane Tower | 8 | 560 | / | 400 |
| Guard Tower | 6 | 420 | / | 300 |
| Altar of Kings | 1 | 180 | / | 50 |
| Farm | 10 | 800 | / | 200 |
| Lumber Mill | 2 | 240 | / | 0 |
| Arcane Vault | 1 | 130 | / | 30 |
| Town Hall | 4 | 1540 | / | 820 |
| Arcane Sanctum | 1 | 150 | / | 140 |
| Gryphon Aviary | 1 | 140 | / | 150 |
| Keep | 1 | 320 | / | 210 |
| Castle | 1 | 360 | / | 210 |
| total: | 60 | 4380g | / | 2190w |
| 0:04 | Peasant |
| 0:04 | Peasant |
| 0:10 | Altar of Kings |
| 0:12 | Farm |
| 0:13 | Farm |
| 0:17 | Peasant |
| 0:35 | Peasant |
| 0:52 | Lumber Mill |
| 0:54 | Peasant |
| 0:58 | Scout Tower |
| 1:01 | Peasant |
| 1:12 | Farm |
| 1:16 | Peasant |
| 1:33 | Peasant |
| 1:43 | Arcane Tower |
| 1:46 | Peasant |
| 1:53 | Peasant |
| 2:02 | Improved Lumber Harvesting |
| 2:42 | Storm Bolt |
| 2:46 | Peasant |
| 2:46 | Peasant |
| 2:46 | Peasant |
| 2:46 | Peasant |
| 3:11 | Scout Tower |
| 3:15 | Scout Tower |
| 3:16 | Scout Tower |
| 3:26 | Improved Masonry |
| 3:45 | Scout Tower |
| 3:47 | Scout Tower |
| 3:49 | Guard Tower |
| 4:07 | Scout Tower |
| 4:07 | Scout Tower |
| 4:11 | Scout Tower |
| 4:15 | Scout Tower |
| 4:15 | Scout Tower |
| 4:16 | Scout Tower |
| 4:21 | Scout Tower |
| 4:22 | Scout Tower |
| 4:24 | Scout Tower |
| 4:25 | Scout Tower |
| 4:41 | Guard Tower |
| 5:12 | Guard Tower |
| 5:14 | Keep |
| 5:21 | Scout Tower |
| 5:21 | Scout Tower |
| 5:23 | Scout Tower |
| 5:25 | Scout Tower |
| 5:26 | Scout Tower |
| 5:27 | Scout Tower |
| 5:28 | Scout Tower |
| 5:29 | Scout Tower |
| 5:30 | Scout Tower |
| 5:30 | Scout Tower |
| 5:31 | Scout Tower |
| 5:32 | Scout Tower |
| 5:33 | Scout Tower |
| 6:03 | Bash |
| 6:05 | Bash |
| 6:29 | Guard Tower |
| 6:46 | Scout Tower |
| 6:51 | Scout Tower |
| 6:55 | Scout Tower |
| 7:02 | Scout Tower |
| 7:03 | Scout Tower |
| 7:16 | Arcane Tower |
| 7:21 | Scout Tower |
| 7:22 | Scout Tower |
| 7:24 | Scout Tower |
| 7:26 | Arcane Tower |
| 7:48 | Advanced Masonry |
| 7:57 | Arcane Tower |
| 7:59 | Arcane Tower |
| 8:00 | Arcane Tower |
| 8:06 | Lumber Mill |
| 8:25 | Castle |
| 9:09 | Arcane Sanctum |
| 10:08 | Arcane Tower |
| 10:48 | Gryphon Aviary |
| 10:57 | Arcane Vault |
| 11:10 | Magic Sentry |
| 11:19 | Imbued Masonry |
| 11:31 | Farm |
| 11:32 | Farm |
| 11:38 | Farm |
| 11:41 | Arcane Tower |
| 11:45 | Guard Tower |
| 11:53 | Scout Tower |
| 11:54 | Scout Tower |
| 11:54 | Scout Tower |
| 11:58 | Cloud |
| 11:58 | Dragonhawk Rider |
| 11:58 | Dragonhawk Rider |
| 12:10 | Sorceress Adept Training |
| 12:11 | Sorceress |
| 12:11 | Sorceress |
| 12:56 | Guard Tower |
| 13:11 | Peasant |
| 13:11 | Peasant |
| 13:11 | Peasant |
| 13:12 | Peasant |
| 13:13 | Peasant |
| 13:55 | Dragonhawk Rider |
| 20:37 | Town Hall |
| 20:56 | Town Hall |
| 23:29 | Farm |
| 23:30 | Farm |
| 23:31 | Farm |
| 23:33 | Farm |
| 24:08 | Sorceress |
| 24:08 | Sorceress |
| 27:58 | Holy Light |
| 28:52 | Town Hall |
| 29:05 | Town Hall |
| 32:58 | Storm Bolt |
| 49:45 | Dragonhawk Rider |
| 49:46 | Dragonhawk Rider |
| 49:46 | Dragonhawk Rider |
| 51:33 | Thunder Clap |
| Right click | 2675 |
| Select group | 1490 |
| Select | 520 |
| Use ability | 107 |
| Build/train/purchase | 96 |
| Chat | 64 |
| Assign group | 38 |
| Misc. action | 34 |
| Resource trade | 14 |
| Minimap ping | 7 |
| Esc | 4 |
Cabeelibob
(194)
(51:47) : 
| Lesser Clarity Potion | 8 | 560 |
| Healing Salve | 3 | 300 |
| Potion of Healing | 1 | 150 |
| Potion of Mana | 2 | 400 |
| Orb of Lightning | 1 | 375 |
| Staff of Teleportation | 1 | 150 |
| Boots of Speed | 1 | 250 |
| total: | 17 | 2185g |
| Peon | 25 | 1875 | / | 0 |
| Troll Batrider | 12 | 1920 | / | 480 |
| Troll Witch Doctor | 5 | 725 | / | 125 |
| Kodo Beast | 2 | 510 | / | 120 |
| total: | 44 | 5030g | / | 725w |
| Watch Tower | 6 | 660 | / | 480 |
| Altar of Storms | 1 | 180 | / | 50 |
| Orc Burrow | 4 | 640 | / | 160 |
| Voodoo Lounge | 1 | 130 | / | 30 |
| War Mill | 1 | 205 | / | 0 |
| Great Hall | 2 | 770 | / | 370 |
| Spirit Lodge | 1 | 150 | / | 150 |
| Beastiary | 1 | 145 | / | 140 |
| Stronghold | 1 | 315 | / | 190 |
| Fortress | 1 | 325 | / | 190 |
| total: | 17 | 2880g | / | 1380w |
| 0:04 | Altar of Storms |
| 0:07 | Orc Burrow |
| 0:08 | Peon |
| 0:18 | Peon |
| 0:33 | Peon |
| 0:58 | Peon |
| 1:03 | Voodoo Lounge |
| 1:11 | Peon |
| 1:21 | War Mill |
| 1:25 | Peon |
| 1:30 | Peon |
| 1:34 | Peon |
| 1:55 | Orc Burrow |
| 1:58 | Peon |
| 2:06 | Wind Walk |
| 2:14 | Peon |
| 2:30 | Peon |
| 3:39 | Peon |
| 3:39 | Peon |
| 3:39 | Peon |
| 3:39 | Peon |
| 3:55 | Staff of Teleportation |
| 3:55 | Boots of Speed |
| 4:30 | Critical Strike |
| 5:14 | Stronghold |
| 5:20 | Orc Burrow |
| 5:22 | Watch Tower |
| 5:23 | Watch Tower |
| 5:24 | Watch Tower |
| 5:25 | Watch Tower |
| 5:26 | Watch Tower |
| 5:27 | Watch Tower |
| 5:33 | Lesser Clarity Potion |
| 5:33 | Healing Salve |
| 8:07 | Lesser Clarity Potion |
| 8:16 | Lesser Clarity Potion |
| 8:19 | Healing Salve |
| 8:31 | Fortress |
| 10:11 | Potion of Healing |
| 10:15 | Potion of Mana |
| 12:07 | Spirit Lodge |
| 12:39 | Lesser Clarity Potion |
| 12:42 | Orb of Lightning |
| 12:59 | Backpack |
| 13:05 | Beastiary |
| 13:21 | Witch Doctor Adept Training |
| 13:52 | Critical Strike |
| 14:30 | War Drums Damage Increase |
| 14:30 | Liquid Fire |
| 14:33 | Witch Doctor Master Training |
| 15:16 | Troll Batrider |
| 15:16 | Troll Batrider |
| 15:17 | Troll Batrider |
| 15:19 | Orc Burrow |
| 16:02 | Troll Witch Doctor |
| 16:02 | Troll Witch Doctor |
| 16:02 | Troll Witch Doctor |
| 16:02 | Troll Witch Doctor |
| 16:14 | Wind Walk |
| 17:53 | Kodo Beast |
| 19:48 | Troll Witch Doctor |
| 20:41 | Reinforced Defenses |
| 20:49 | Lesser Clarity Potion |
| 23:05 | Troll Batrider |
| 23:05 | Troll Batrider |
| 24:11 | Lesser Clarity Potion |
| 25:00 | Troll Batrider |
| 25:02 | Troll Batrider |
| 25:50 | Critical Strike |
| 27:04 | Troll Batrider |
| 27:05 | Troll Batrider |
| 27:05 | Troll Batrider |
| 27:06 | Troll Batrider |
| 27:07 | Troll Batrider |
| 28:39 | Great Hall |
| 29:32 | Bladestorm |
| 29:48 | Great Hall |
| 31:25 | Peon |
| 31:25 | Peon |
| 31:25 | Peon |
| 31:26 | Peon |
| 31:26 | Peon |
| 33:09 | Peon |
| 33:10 | Peon |
| 33:10 | Peon |
| 33:10 | Peon |
| 33:10 | Peon |
| 34:16 | Wind Walk |
| 38:38 | Lesser Clarity Potion |
| 40:29 | Kodo Beast |
| 42:44 | Mirror Image |
| 46:56 | Mirror Image |
| 50:30 | Lesser Clarity Potion |
| 50:31 | Healing Salve |
| 50:37 | Potion of Mana |
| 51:08 | Mirror Image |
| 51:10 | Mirror Image |
| Right click | 1835 |
| Misc. action | 255 |
| Select | 215 |
| Select group | 169 |
| Build/train/purchase | 168 |
| Resource trade | 74 |
| Use ability | 33 |
| Item give/drop | 15 |
| Minimap ping | 7 |
| Assign group | 1 |
| Remove unit | 1 |
| Esc | 1 |



| Orb of Fire | 2 | 650 |
| Boots of Speed | 4 | 1000 |
| Orb of Lightning | 2 | 750 |
| total: | 8 | 2400g |
| Peasant | 21 | 1575 | / | 0 |
| Mortar Team | 5 | 900 | / | 350 |
| Flying Machine | 15 | 1500 | / | 450 |
| total: | 41 | 3975g | / | 800w |
| Scout Tower | 19 | 570 | / | 380 |
| Arcane Tower | 1 | 70 | / | 50 |
| Guard Tower | 7 | 490 | / | 350 |
| Altar of Kings | 2 | 360 | / | 100 |
| Lumber Mill | 1 | 120 | / | 0 |
| Farm | 17 | 1360 | / | 340 |
| Town Hall | 2 | 770 | / | 410 |
| Blacksmith | 4 | 560 | / | 240 |
| Arcane Vault | 1 | 130 | / | 30 |
| Cannon Tower | 2 | 240 | / | 200 |
| Workshop | 3 | 420 | / | 420 |
| Gryphon Aviary | 1 | 140 | / | 150 |
| Keep | 1 | 320 | / | 210 |
| Castle | 1 | 360 | / | 210 |
| total: | 50 | 4430g | / | 2070w |
| 0:01 | Peasant |
| 0:06 | Peasant |
| 0:18 | Altar of Kings |
| 0:19 | Peasant |
| 0:33 | Lumber Mill |
| 0:35 | Farm |
| 0:36 | Peasant |
| 0:48 | Farm |
| 0:52 | Peasant |
| 1:21 | Peasant |
| 1:27 | Peasant |
| 1:37 | Improved Lumber Harvesting |
| 1:38 | Peasant |
| 1:44 | Scout Tower |
| 1:47 | Peasant |
| 1:53 | Peasant |
| 2:05 | Farm |
| 2:07 | Peasant |
| 2:12 | Arcane Tower |
| 2:15 | Storm Bolt |
| 2:21 | Peasant |
| 2:35 | Improved Masonry |
| 2:59 | Scout Tower |
| 2:59 | Scout Tower |
| 3:06 | Peasant |
| 3:06 | Peasant |
| 3:10 | Scout Tower |
| 3:11 | Scout Tower |
| 3:31 | Town Hall |
| 3:39 | Scout Tower |
| 3:39 | Scout Tower |
| 3:41 | Scout Tower |
| 3:42 | Scout Tower |
| 4:11 | Guard Tower |
| 4:20 | Peasant |
| 4:34 | Guard Tower |
| 4:39 | Guard Tower |
| 4:57 | Keep |
| 5:02 | Scout Tower |
| 5:03 | Scout Tower |
| 5:04 | Scout Tower |
| 5:14 | Guard Tower |
| 5:21 | Blacksmith |
| 5:26 | Blacksmith |
| 5:29 | Blacksmith |
| 5:30 | Blacksmith |
| 5:38 | Guard Tower |
| 5:58 | Guard Tower |
| 6:02 | Peasant |
| 6:02 | Peasant |
| 6:28 | Peasant |
| 6:30 | Guard Tower |
| 6:49 | Black Gunpowder |
| 7:19 | Castle |
| 7:20 | Workshop |
| 7:22 | Workshop |
| 7:25 | Workshop |
| 7:33 | Advanced Lumber Harvesting |
| 7:34 | Advanced Masonry |
| 7:55 | Refined Gunpowder |
| 8:23 | Flak Cannons |
| 8:25 | Flare |
| 8:32 | Farm |
| 8:32 | Farm |
| 8:34 | Farm |
| 8:35 | Farm |
| 8:35 | Farm |
| 9:07 | Mortar Team |
| 9:19 | Gryphon Aviary |
| 9:24 | Arcane Vault |
| 9:31 | Holy Light |
| 9:38 | Holy Light |
| 9:46 | Imbued Gunpowder |
| 10:31 | Iron Plating |
| 10:58 | Imbued Masonry |
| 11:09 | Flying Machine Bombs |
| 11:09 | Fragmentation Shards |
| 12:04 | Flying Machine |
| 12:04 | Flying Machine |
| 12:04 | Flying Machine |
| 12:05 | Flying Machine |
| 12:05 | Flying Machine |
| 12:05 | Flying Machine |
| 12:05 | Flying Machine |
| 12:18 | Steel Plating |
| 12:48 | Flying Machine |
| 12:49 | Flying Machine |
| 12:49 | Flying Machine |
| 12:55 | Farm |
| 13:01 | Farm |
| 13:02 | Farm |
| 13:06 | Scout Tower |
| 13:06 | Scout Tower |
| 13:10 | Scout Tower |
| 13:10 | Scout Tower |
| 13:27 | Flying Machine |
| 13:27 | Flying Machine |
| 13:27 | Flying Machine |
| 13:43 | Farm |
| 13:44 | Farm |
| 13:48 | Farm |
| 13:51 | Scout Tower |
| 13:52 | Scout Tower |
| 13:54 | Scout Tower |
| 14:32 | Mithril Plating |
| 15:06 | Cannon Tower |
| 15:08 | Cannon Tower |
| 16:48 | Storm Bolt |
| 16:49 | Storm Bolt |
| 16:51 | Divine Shield |
| 18:14 | Altar of Kings |
| 19:49 | Divine Shield |
| 21:22 | Brilliance Aura |
| 22:00 | Town Hall |
| 22:07 | Peasant |
| 22:41 | Boots of Speed |
| 22:41 | Boots of Speed |
| 22:51 | Farm |
| 23:18 | Farm |
| 23:19 | Farm |
| 23:27 | Peasant |
| 23:27 | Peasant |
| 23:30 | Flying Machine |
| 23:30 | Flying Machine |
| 25:56 | Holy Light |
| 27:12 | Bash |
| 27:13 | Bash |
| 30:17 | Orb of Lightning |
| 30:26 | Orb of Fire |
| 30:55 | Divine Shield |
| 30:57 | Divine Shield |
| 31:09 | Blizzard |
| 31:49 | Boots of Speed |
| 31:50 | Boots of Speed |
| 32:43 | Mortar Team |
| 33:10 | Storm Bolt |
| 33:28 | Orb of Lightning |
| 33:40 | Orb of Fire |
| 36:56 | Mortar Team |
| 37:24 | Holy Light |
| 37:25 | Holy Light |
| 39:47 | Avatar |
| 39:48 | Avatar |
| 43:04 | Brilliance Aura |
| 45:16 | Resurrection |
| 45:19 | Devotion Aura |
| 49:08 | Mortar Team |
| 49:30 | Mortar Team |
| 50:11 | Bash |
| Right click | 1829 |
| Select group | 670 |
| Select | 410 |
| Use ability | 181 |
| Build/train/purchase | 139 |
| Misc. action | 101 |
| Resource trade | 25 |
| Assign group | 11 |
| Minimap ping | 10 |
| Item give/drop | 6 |
| Remove unit | 1 |
223 units @ 28.5k
/ 5.1k
218 buildings @ 18k
/ 9.3k


| Scroll of Regeneration | 8 | 800 |
| Potion of Healing | 7 | 1050 |
| Staff of Sanctuary | 1 | 250 |
| Orb of Fire | 1 | 325 |
| Scroll of Town Portal | 4 | 1400 |
| Periapt of Vitality | 2 | 650 |
| Potion of Lesser Invulnerability | 1 | 150 |
| total: | 24 | 4625g |
| Peasant | 28 | 2100 | / | 0 |
| Rifleman | 11 | 2255 | / | 330 |
| Flying Machine | 27 | 2700 | / | 810 |
| Mortar Team | 9 | 1620 | / | 630 |
| Siege Engine | 3 | 585 | / | 180 |
| Dragonhawk Rider | 3 | 600 | / | 90 |
| Knight | 4 | 980 | / | 240 |
| total: | 85 | 10840g | / | 2280w |
| Scout Tower | 16 | 480 | / | 320 |
| Arcane Tower | 2 | 140 | / | 100 |
| Guard Tower | 7 | 490 | / | 350 |
| Blacksmith | 2 | 280 | / | 120 |
| Farm | 18 | 1440 | / | 360 |
| Barracks | 1 | 160 | / | 60 |
| Altar of Kings | 1 | 180 | / | 50 |
| Arcane Vault | 1 | 130 | / | 30 |
| Town Hall | 5 | 1925 | / | 1025 |
| Lumber Mill | 2 | 240 | / | 0 |
| Cannon Tower | 1 | 120 | / | 100 |
| Workshop | 3 | 420 | / | 420 |
| Arcane Sanctum | 1 | 150 | / | 140 |
| Gryphon Aviary | 2 | 280 | / | 300 |
| Keep | 1 | 320 | / | 210 |
| Castle | 1 | 360 | / | 210 |
| total: | 52 | 5685g | / | 2825w |
| 0:06 | Peasant |
| 0:06 | Peasant |
| 0:06 | Peasant |
| 0:07 | Peasant |
| 0:35 | Blacksmith |
| 0:47 | Farm |
| 0:50 | Peasant |
| 1:00 | Barracks |
| 1:05 | Peasant |
| 1:24 | Peasant |
| 1:33 | Altar of Kings |
| 1:42 | Farm |
| 1:51 | Arcane Vault |
| 2:01 | Peasant |
| 2:15 | Farm |
| 2:25 | Rifleman |
| 2:26 | Rifleman |
| 2:47 | Farm |
| 2:55 | Rifleman |
| 3:05 | Peasant |
| 3:22 | Rifleman |
| 3:30 | Peasant |
| 3:49 | Scroll of Regeneration |
| 3:53 | Blizzard |
| 4:31 | Town Hall |
| 4:35 | Peasant |
| 4:35 | Peasant |
| 4:45 | Brilliance Aura |
| 4:58 | Peasant |
| 4:58 | Peasant |
| 5:37 | Blizzard |
| 5:41 | Rifleman |
| 5:48 | Keep |
| 5:52 | Scroll of Regeneration |
| 5:58 | Farm |
| 6:13 | Scroll of Regeneration |
| 6:21 | Rifleman |
| 6:35 | Scout Tower |
| 6:36 | Scout Tower |
| 6:38 | Scout Tower |
| 7:09 | Rifleman |
| 7:14 | Scout Tower |
| 7:16 | Arcane Tower |
| 7:22 | Lumber Mill |
| 7:30 | Periapt of Vitality |
| 7:32 | Potion of Lesser Invulnerability |
| 7:39 | Black Gunpowder |
| 7:42 | Arcane Tower |
| 7:44 | Scout Tower |
| 8:26 | Castle |
| 8:27 | Improved Lumber Harvesting |
| 8:40 | Brilliance Aura |
| 8:44 | Long Rifles |
| 8:46 | Guard Tower |
| 8:49 | Guard Tower |
| 9:05 | Workshop |
| 9:20 | Scout Tower |
| 10:01 | Guard Tower |
| 10:01 | Refined Gunpowder |
| 10:05 | Advanced Lumber Harvesting |
| 10:23 | Flare |
| 10:31 | Scroll of Regeneration |
| 10:43 | Workshop |
| 10:55 | Rifleman |
| 10:55 | Rifleman |
| 10:55 | Rifleman |
| 10:55 | Rifleman |
| 11:09 | Workshop |
| 11:45 | Fragmentation Shards |
| 11:49 | Farm |
| 11:50 | Flying Machine |
| 11:56 | Peasant |
| 11:56 | Peasant |
| 11:56 | Peasant |
| 11:57 | Peasant |
| 11:57 | Peasant |
| 12:35 | Mortar Team |
| 12:38 | Farm |
| 12:41 | Farm |
| 12:42 | Improved Masonry |
| 12:51 | Blizzard |
| 13:00 | Town Hall |
| 13:03 | Scout Tower |
| 13:06 | Scout Tower |
| 13:08 | Scout Tower |
| 13:10 | Scout Tower |
| 13:19 | Peasant |
| 13:19 | Peasant |
| 13:24 | Farm |
| 13:27 | Flying Machine |
| 13:38 | Guard Tower |
| 13:54 | Scout Tower |
| 14:10 | Farm |
| 14:17 | Peasant |
| 14:17 | Peasant |
| 14:17 | Peasant |
| 14:20 | Advanced Masonry |
| 14:32 | Guard Tower |
| 14:51 | Arcane Sanctum |
| 14:54 | Farm |
| 15:07 | Scout Tower |
| 15:09 | Scout Tower |
| 15:27 | Mortar Team |
| 15:33 | Barrage |
| 15:34 | Siege Engine |
| 16:01 | Guard Tower |
| 16:03 | Scout Tower |
| 16:05 | Scout Tower |
| 16:10 | Magic Sentry |
| 16:12 | Imbued Masonry |
| 16:32 | Siege Engine |
| 16:55 | Flame Strike |
| 17:32 | Blacksmith |
| 17:36 | Iron Plating |
| 17:55 | Farm |
| 17:56 | Farm |
| 18:28 | Town Hall |
| 18:40 | Steel Plating |
| 19:41 | Siege Engine |
| 21:02 | Peasant |
| 21:02 | Peasant |
| 21:02 | Peasant |
| 21:02 | Peasant |
| 21:40 | Flak Cannons |
| 22:07 | Flying Machine |
| 22:24 | Flying Machine |
| 22:39 | Flying Machine |
| 22:55 | Flying Machine |
| 23:03 | Farm |
| 23:08 | Town Hall |
| 23:34 | Flying Machine |
| 23:49 | Flying Machine |
| 24:20 | Flying Machine |
| 24:25 | Flying Machine |
| 24:33 | Farm |
| 24:59 | Flying Machine |
| 25:06 | Imbued Gunpowder |
| 25:10 | Mithril Plating |
| 25:18 | Farm |
| 25:40 | Flying Machine |
| 26:00 | Flying Machine |
| 26:58 | Flying Machine |
| 27:09 | Scroll of Regeneration |
| 27:11 | Potion of Healing |
| 27:13 | Scroll of Town Portal |
| 27:16 | Potion of Healing |
| 27:20 | Flying Machine |
| 27:35 | Flying Machine |
| 28:08 | Flying Machine |
| 28:24 | Flying Machine |
| 28:38 | Flying Machine |
| 28:44 | Potion of Healing |
| 28:44 | Staff of Sanctuary |
| 28:46 | Scroll of Town Portal |
| 28:47 | Scroll of Regeneration |
| 28:47 | Orb of Fire |
| 28:50 | Flying Machine |
| 28:58 | Siphon Mana |
| 29:11 | Flying Machine |
| 29:25 | Flying Machine |
| 29:46 | Flying Machine |
| 30:02 | Flying Machine |
| 31:08 | Flying Machine |
| 31:30 | Flying Machine |
| 31:47 | Town Hall |
| 31:55 | Flying Machine |
| 32:51 | Farm |
| 33:49 | Mortar Team |
| 35:16 | Lumber Mill |
| 35:20 | Farm |
| 36:30 | Mass Teleport |
| 36:42 | Scout Tower |
| 37:09 | Mortar Team |
| 37:34 | Guard Tower |
| 37:36 | Cannon Tower |
| 38:55 | Gryphon Aviary |
| 38:57 | Gryphon Aviary |
| 39:28 | Mortar Team |
| 40:20 | Scroll of Town Portal |
| 40:21 | Potion of Healing |
| 40:27 | Cloud |
| 40:27 | Dragonhawk Rider |
| 41:18 | Mortar Team |
| 43:43 | Mortar Team |
| 44:48 | Mortar Team |
| 45:17 | Scroll of Town Portal |
| 45:17 | Scroll of Regeneration |
| 45:19 | Potion of Healing |
| 45:37 | Mortar Team |
| 45:39 | Potion of Healing |
| 45:42 | Animal War Training |
| 45:43 | Knight |
| 46:31 | Knight |
| 46:31 | Knight |
| 46:31 | Knight |
| 46:40 | Iron Forged Swords |
| 47:16 | Dragonhawk Rider |
| 47:38 | Periapt of Vitality |
| 48:00 | Dragonhawk Rider |
| 49:36 | Scroll of Regeneration |
| 49:39 | Potion of Healing |
| Select group | 1337 |
| Right click | 1154 |
| Select | 958 |
| Misc. action | 240 |
| Build/train/purchase | 236 |
| Use ability | 45 |
| Assign group | 33 |
| Resource trade | 12 |
| Esc | 6 |
| Minimap ping | 5 |
| Item give/drop | 4 |
| Chat | 4 |
⇛
소리없는검
(2)
(50:42) : 
| Scroll of Regeneration | 6 | 600 |
| Orb of Fire | 1 | 325 |
| Staff of Sanctuary | 1 | 250 |
| Scroll of Town Portal | 4 | 1400 |
| Boots of Speed | 1 | 250 |
| Potion of Lesser Invulnerability | 2 | 300 |
| total: | 15 | 3125g |
| Peasant | 19 | 1425 | / | 0 |
| Footman | 5 | 675 | / | 0 |
| Flying Machine | 17 | 1700 | / | 510 |
| Mortar Team | 4 | 720 | / | 280 |
| Knight | 3 | 735 | / | 180 |
| Sorceress | 6 | 930 | / | 120 |
| Priest | 3 | 405 | / | 30 |
| Spell Breaker | 9 | 1935 | / | 270 |
| Siege Engine | 2 | 390 | / | 120 |
| total: | 68 | 8915g | / | 1510w |
| Scout Tower | 44 | 1320 | / | 880 |
| Arcane Tower | 9 | 630 | / | 450 |
| Guard Tower | 33 | 2310 | / | 1650 |
| Altar of Kings | 1 | 180 | / | 50 |
| Farm | 11 | 880 | / | 220 |
| Barracks | 2 | 320 | / | 120 |
| Arcane Vault | 2 | 260 | / | 60 |
| Lumber Mill | 3 | 360 | / | 0 |
| Town Hall | 5 | 1925 | / | 1025 |
| Blacksmith | 2 | 280 | / | 120 |
| Workshop | 3 | 420 | / | 420 |
| Arcane Sanctum | 2 | 300 | / | 280 |
| Keep | 2 | 640 | / | 420 |
| Castle | 3 | 1080 | / | 630 |
| total: | 75 | 6245g | / | 3175w |
| 0:02 | Peasant |
| 0:02 | Peasant |
| 0:14 | Altar of Kings |
| 0:19 | Farm |
| 0:21 | Barracks |
| 0:33 | Peasant |
| 0:44 | Peasant |
| 0:49 | Farm |
| 0:53 | Peasant |
| 1:04 | Peasant |
| 1:15 | Peasant |
| 1:25 | Footman |
| 1:35 | Farm |
| 1:45 | Footman |
| 1:54 | Peasant |
| 2:08 | Footman |
| 2:20 | Blizzard |
| 2:24 | Arcane Vault |
| 2:40 | Peasant |
| 2:41 | Peasant |
| 2:55 | Peasant |
| 2:55 | Peasant |
| 3:04 | Lumber Mill |
| 3:16 | Defend |
| 3:30 | Scroll of Regeneration |
| 3:34 | Brilliance Aura |
| 3:46 | Peasant |
| 3:46 | Peasant |
| 3:48 | Scroll of Regeneration |
| 4:37 | Footman |
| 4:43 | Scout Tower |
| 4:59 | Scout Tower |
| 5:04 | Arcane Tower |
| 5:12 | Town Hall |
| 5:21 | Farm |
| 5:26 | Peasant |
| 5:28 | Guard Tower |
| 5:29 | Guard Tower |
| 5:59 | Farm |
| 6:02 | Keep |
| 6:19 | Scout Tower |
| 6:25 | Footman |
| 6:35 | Blacksmith |
| 6:42 | Improved Masonry |
| 6:43 | Improved Lumber Harvesting |
| 6:43 | Advanced Lumber Harvesting |
| 6:46 | Arcane Tower |
| 6:58 | Scout Tower |
| 7:13 | Arcane Vault |
| 7:15 | Scroll of Regeneration |
| 7:47 | Blacksmith |
| 8:08 | Guard Tower |
| 8:11 | Scout Tower |
| 8:27 | Castle |
| 8:30 | Barracks |
| 8:33 | Workshop |
| 8:38 | Workshop |
| 8:43 | Guard Tower |
| 8:44 | Guard Tower |
| 8:45 | Scout Tower |
| 9:19 | Blizzard |
| 9:25 | Arcane Sanctum |
| 9:29 | Iron Forged Swords |
| 9:29 | Iron Plating |
| 9:42 | Flying Machine |
| 9:42 | Flying Machine |
| 9:42 | Flying Machine |
| 10:05 | Guard Tower |
| 10:08 | Farm |
| 10:42 | Flak Cannons |
| 10:43 | Flying Machine |
| 10:47 | Magic Sentry |
| 10:58 | Orb of Fire |
| 10:58 | Scroll of Town Portal |
| 10:59 | Staff of Sanctuary |
| 11:14 | Flare |
| 11:16 | Mortar Team |
| 11:16 | Mortar Team |
| 11:20 | Advanced Masonry |
| 11:34 | Animal War Training |
| 11:55 | Workshop |
| 12:32 | Black Gunpowder |
| 12:32 | Studded Leather Armor |
| 12:32 | Reinforced Leather Armor |
| 12:46 | Boots of Speed |
| 12:49 | Potion of Lesser Invulnerability |
| 12:55 | Mortar Team |
| 13:24 | Mortar Team |
| 13:27 | Knight |
| 14:38 | Flying Machine |
| 14:38 | Flying Machine |
| 14:38 | Flying Machine |
| 14:38 | Flying Machine |
| 15:01 | Scout Tower |
| 15:03 | Farm |
| 15:05 | Farm |
| 15:08 | Farm |
| 15:11 | Scout Tower |
| 15:23 | Flying Machine Bombs |
| 15:49 | Scroll of Town Portal |
| 15:56 | Flying Machine |
| 16:12 | Guard Tower |
| 16:32 | Scout Tower |
| 16:36 | Scout Tower |
| 16:37 | Scout Tower |
| 16:39 | Scout Tower |
| 16:40 | Scout Tower |
| 17:02 | Guard Tower |
| 17:07 | Guard Tower |
| 17:14 | Guard Tower |
| 17:27 | Peasant |
| 17:27 | Peasant |
| 17:39 | Scout Tower |
| 17:57 | Guard Tower |
| 18:17 | Guard Tower |
| 18:28 | Flying Machine |
| 18:30 | Flying Machine |
| 18:48 | Peasant |
| 18:48 | Peasant |
| 19:30 | Imbued Masonry |
| 20:25 | Flying Machine |
| 20:26 | Flying Machine |
| 20:26 | Flying Machine |
| 20:27 | Flying Machine |
| 20:48 | Flying Machine |
| 21:03 | Refined Gunpowder |
| 21:03 | Imbued Gunpowder |
| 21:03 | Steel Plating |
| 22:17 | Flying Machine |
| 22:45 | Mithril Plating |
| 24:01 | Fragmentation Shards |
| 24:01 | Barrage |
| 24:29 | Sorceress Adept Training |
| 24:30 | Sorceress Master Training |
| 24:32 | Sorceress |
| 24:32 | Sorceress |
| 24:32 | Sorceress |
| 25:33 | Farm |
| 25:34 | Farm |
| 26:51 | Scroll of Regeneration |
| 26:59 | Siege Engine |
| 27:01 | Siege Engine |
| 27:04 | Arcane Sanctum |
| 27:27 | Dragonhide Armor |
| 27:27 | Steel Forged Swords |
| 27:27 | Mithril Forged Swords |
| 27:33 | Scroll of Town Portal |
| 28:32 | Priest Adept Training |
| 28:32 | Priest Master Training |
| 28:53 | Potion of Lesser Invulnerability |
| 29:24 | Priest |
| 29:27 | Brilliance Aura |
| 29:56 | Spell Breaker |
| 30:53 | Blizzard |
| 30:59 | Scout Tower |
| 31:00 | Scout Tower |
| 31:00 | Scout Tower |
| 31:01 | Scout Tower |
| 31:02 | Scout Tower |
| 31:04 | Scout Tower |
| 31:05 | Scout Tower |
| 31:08 | Scout Tower |
| 31:38 | Spell Breaker |
| 31:39 | Control Magic |
| 31:47 | Guard Tower |
| 31:50 | Scout Tower |
| 31:51 | Scout Tower |
| 31:52 | Scout Tower |
| 31:54 | Scout Tower |
| 31:58 | Scout Tower |
| 32:03 | Scout Tower |
| 32:03 | Scout Tower |
| 32:04 | Scout Tower |
| 32:50 | Guard Tower |
| 32:56 | Lumber Mill |
| 33:08 | Lumber Mill |
| 33:54 | Scout Tower |
| 33:57 | Scout Tower |
| 34:05 | Spell Breaker |
| 34:07 | Priest |
| 34:25 | Guard Tower |
| 34:31 | Guard Tower |
| 34:42 | Guard Tower |
| 34:47 | Scout Tower |
| 34:50 | Scout Tower |
| 34:51 | Scout Tower |
| 35:38 | Town Hall |
| 35:46 | Town Hall |
| 35:47 | Arcane Tower |
| 36:02 | Scout Tower |
| 36:03 | Scout Tower |
| 36:06 | Scout Tower |
| 36:08 | Scout Tower |
| 36:33 | Sorceress |
| 36:55 | Guard Tower |
| 36:57 | Scout Tower |
| 37:04 | Town Hall |
| 37:06 | Scout Tower |
| 37:07 | Scout Tower |
| 37:16 | Guard Tower |
| 37:21 | Town Hall |
| 37:30 | Spell Breaker |
| 37:35 | Guard Tower |
| 40:27 | Spell Breaker |
| 40:27 | Sorceress |
| 40:40 | Scout Tower |
| 40:42 | Scout Tower |
| 43:42 | Sorceress |
| 43:43 | Priest |
| 43:51 | Spell Breaker |
| 44:28 | Spell Breaker |
| 45:00 | Spell Breaker |
| 45:25 | Spell Breaker |
| 46:13 | Knight |
| 46:46 | Arcane Tower |
| 46:56 | Guard Tower |
| 48:37 | Scroll of Regeneration |
| 48:37 | Scroll of Regeneration |
| 48:39 | Scroll of Town Portal |
| 48:57 | Knight |
| Select group | 5876 |
| Right click | 3578 |
| Select | 1413 |
| Misc. action | 684 |
| Build/train/purchase | 291 |
| Resource trade | 60 |
| Use ability | 54 |
| Assign group | 51 |
| Minimap ping | 34 |
| Esc | 6 |
| Item give/drop | 3 |


| Scroll of Regeneration | 3 | 300 |
| Ivory Tower | 4 | 160 |
| Lesser Clarity Potion | 1 | 70 |
| Mechanical Critter | 2 | 100 |
| Orb of Fire | 1 | 325 |
| Scroll of Town Portal | 3 | 1050 |
| Dust of Appearance | 2 | 150 |
| Potion of Lesser Invulnerability | 2 | 300 |
| total: | 18 | 2455g |
| Peasant | 46 | 3450 | / | 0 |
| Footman | 5 | 675 | / | 0 |
| Gryphon Rider | 11 | 3080 | / | 770 |
| Knight | 2 | 490 | / | 120 |
| Mortar Team | 6 | 1080 | / | 420 |
| total: | 70 | 8775g | / | 1310w |
| Scout Tower | 64 | 1920 | / | 1280 |
| Guard Tower | 41 | 2870 | / | 2050 |
| Altar of Kings | 1 | 180 | / | 50 |
| Barracks | 1 | 160 | / | 60 |
| Farm | 11 | 880 | / | 220 |
| Town Hall | 4 | 1540 | / | 820 |
| Arcane Vault | 2 | 260 | / | 60 |
| Lumber Mill | 2 | 240 | / | 0 |
| Blacksmith | 1 | 140 | / | 60 |
| Gryphon Aviary | 2 | 280 | / | 300 |
| Workshop | 2 | 280 | / | 280 |
| Arcane Sanctum | 1 | 150 | / | 140 |
| Keep | 3 | 960 | / | 630 |
| Castle | 2 | 720 | / | 420 |
| total: | 91 | 6030g | / | 3270w |
| 0:04 | Peasant |
| 0:04 | Peasant |
| 0:07 | Altar of Kings |
| 0:21 | Barracks |
| 0:30 | Peasant |
| 0:40 | Farm |
| 0:50 | Peasant |
| 0:52 | Farm |
| 0:58 | Peasant |
| 0:58 | Peasant |
| 1:26 | Footman |
| 1:33 | Farm |
| 1:35 | Peasant |
| 1:48 | Footman |
| 1:56 | Peasant |
| 2:05 | Peasant |
| 2:15 | Summon Water Elemental |
| 2:25 | Footman |
| 2:33 | Peasant |
| 2:33 | Peasant |
| 3:02 | Peasant |
| 3:02 | Peasant |
| 3:20 | Brilliance Aura |
| 3:41 | Town Hall |
| 3:46 | Arcane Vault |
| 3:50 | Peasant |
| 3:50 | Peasant |
| 3:55 | Scout Tower |
| 4:33 | Keep |
| 4:50 | Farm |
| 4:57 | Scroll of Regeneration |
| 5:02 | Scroll of Regeneration |
| 5:05 | Footman |
| 5:10 | Scout Tower |
| 5:19 | Lumber Mill |
| 5:31 | Blacksmith |
| 5:37 | Footman |
| 5:45 | Farm |
| 5:46 | Farm |
| 5:57 | Guard Tower |
| 6:03 | Improved Lumber Harvesting |
| 6:04 | Improved Masonry |
| 6:06 | Summon Water Elemental |
| 6:37 | Iron Forged Swords |
| 6:51 | Peasant |
| 6:51 | Peasant |
| 7:17 | Ivory Tower |
| 7:17 | Ivory Tower |
| 7:29 | Guard Tower |
| 7:33 | Peasant |
| 7:36 | Ivory Tower |
| 7:49 | Iron Plating |
| 7:52 | Castle |
| 7:53 | Guard Tower |
| 8:18 | Scroll of Town Portal |
| 8:19 | Scroll of Regeneration |
| 8:19 | Lesser Clarity Potion |
| 8:36 | Farm |
| 8:37 | Farm |
| 8:40 | Gryphon Aviary |
| 9:02 | Studded Leather Armor |
| 9:07 | Holy Light |
| 9:46 | Steel Forged Swords |
| 9:49 | Gryphon Aviary |
| 9:56 | Divine Shield |
| 10:08 | Brilliance Aura |
| 10:27 | Workshop |
| 10:28 | Advanced Masonry |
| 10:34 | Farm |
| 11:54 | Gryphon Rider |
| 11:55 | Gryphon Rider |
| 11:56 | Knight |
| 11:56 | Knight |
| 11:57 | Steel Plating |
| 12:01 | Peasant |
| 12:20 | Dust of Appearance |
| 12:44 | Holy Light |
| 12:56 | Mortar Team |
| 12:57 | Mortar Team |
| 12:58 | Mortar Team |
| 12:58 | Mortar Team |
| 14:09 | Mortar Team |
| 14:24 | Fragmentation Shards |
| 14:27 | Arcane Sanctum |
| 14:34 | Gryphon Rider |
| 14:34 | Gryphon Rider |
| 14:51 | Dust of Appearance |
| 14:57 | Potion of Lesser Invulnerability |
| 15:09 | Imbued Masonry |
| 15:14 | Animal War Training |
| 15:24 | Reinforced Leather Armor |
| 15:36 | Scout Tower |
| 15:39 | Scout Tower |
| 16:09 | Magic Sentry |
| 17:11 | Guard Tower |
| 17:15 | Scout Tower |
| 17:17 | Scout Tower |
| 17:18 | Scout Tower |
| 18:25 | Devotion Aura |
| 18:33 | Summon Water Elemental |
| 18:42 | Guard Tower |
| 19:10 | Town Hall |
| 19:52 | Scout Tower |
| 19:55 | Scout Tower |
| 19:55 | Scout Tower |
| 20:16 | Mortar Team |
| 20:20 | Guard Tower |
| 20:25 | Keep |
| 20:33 | Scout Tower |
| 20:34 | Scout Tower |
| 20:38 | Scout Tower |
| 21:01 | Guard Tower |
| 21:04 | Scout Tower |
| 21:08 | Guard Tower |
| 21:13 | Scout Tower |
| 21:35 | Guard Tower |
| 21:42 | Guard Tower |
| 22:56 | Castle |
| 23:04 | Ivory Tower |
| 23:22 | Scroll of Town Portal |
| 23:26 | Mechanical Critter |
| 23:40 | Mechanical Critter |
| 23:58 | Workshop |
| 24:07 | Guard Tower |
| 24:10 | Farm |
| 24:13 | Farm |
| 24:54 | Black Gunpowder |
| 25:27 | Scout Tower |
| 26:15 | Gryphon Rider |
| 26:15 | Gryphon Rider |
| 26:15 | Gryphon Rider |
| 27:28 | Gryphon Rider |
| 28:48 | Scout Tower |
| 28:51 | Scout Tower |
| 28:55 | Scout Tower |
| 28:57 | Scout Tower |
| 29:07 | Gryphon Rider |
| 29:07 | Gryphon Rider |
| 29:09 | Storm Hammers |
| 29:12 | Mithril Forged Swords |
| 29:24 | Scout Tower |
| 29:25 | Guard Tower |
| 29:28 | Guard Tower |
| 29:31 | Guard Tower |
| 29:33 | Guard Tower |
| 29:36 | Scout Tower |
| 29:38 | Scout Tower |
| 29:42 | Scout Tower |
| 29:54 | Guard Tower |
| 30:09 | Guard Tower |
| 30:11 | Guard Tower |
| 30:22 | Scout Tower |
| 30:25 | Scout Tower |
| 30:34 | Scout Tower |
| 30:41 | Scout Tower |
| 30:59 | Scout Tower |
| 31:01 | Guard Tower |
| 31:07 | Guard Tower |
| 31:11 | Guard Tower |
| 31:16 | Scout Tower |
| 31:19 | Scout Tower |
| 31:34 | Scout Tower |
| 31:43 | Scout Tower |
| 31:47 | Guard Tower |
| 31:52 | Scout Tower |
| 31:55 | Scout Tower |
| 32:01 | Town Hall |
| 32:14 | Guard Tower |
| 32:28 | Guard Tower |
| 32:44 | Scout Tower |
| 33:10 | Scout Tower |
| 33:15 | Scout Tower |
| 33:51 | Guard Tower |
| 33:55 | Scout Tower |
| 34:09 | Gryphon Rider |
| 34:16 | Peasant |
| 34:17 | Peasant |
| 34:56 | Scout Tower |
| 35:23 | Guard Tower |
| 35:56 | Scout Tower |
| 36:01 | Scout Tower |
| 36:17 | Scout Tower |
| 36:29 | Guard Tower |
| 36:39 | Scout Tower |
| 36:49 | Peasant |
| 36:49 | Peasant |
| 36:50 | Peasant |
| 36:50 | Peasant |
| 36:50 | Peasant |
| 36:58 | Guard Tower |
| 37:04 | Scout Tower |
| 37:13 | Scout Tower |
| 37:16 | Guard Tower |
| 37:32 | Guard Tower |
| 37:38 | Scout Tower |
| 37:40 | Guard Tower |
| 38:09 | Scout Tower |
| 38:11 | Scout Tower |
| 38:17 | Scout Tower |
| 38:22 | Scout Tower |
| 38:31 | Guard Tower |
| 38:44 | Scout Tower |
| 39:10 | Scout Tower |
| 39:13 | Guard Tower |
| 39:37 | Town Hall |
| 39:40 | Guard Tower |
| 40:35 | Scout Tower |
| 40:39 | Scout Tower |
| 40:53 | Scout Tower |
| 40:56 | Scout Tower |
| 42:23 | Guard Tower |
| 42:25 | Peasant |
| 42:25 | Peasant |
| 42:25 | Peasant |
| 42:25 | Peasant |
| 42:26 | Peasant |
| 42:53 | Guard Tower |
| 43:32 | Peasant |
| 43:32 | Peasant |
| 43:39 | Scout Tower |
| 43:42 | Scout Tower |
| 43:46 | Scout Tower |
| 44:12 | Lumber Mill |
| 44:29 | Peasant |
| 44:29 | Peasant |
| 44:29 | Peasant |
| 44:30 | Peasant |
| 44:35 | Guard Tower |
| 44:57 | Advanced Lumber Harvesting |
| 44:59 | Guard Tower |
| 45:45 | Keep |
| 46:23 | Arcane Vault |
| 48:08 | Scout Tower |
| 48:12 | Peasant |
| 48:12 | Peasant |
| 48:12 | Peasant |
| 48:13 | Peasant |
| 48:14 | Peasant |
| 48:30 | Guard Tower |
| 48:41 | Scout Tower |
| 48:44 | Scout Tower |
| 48:49 | Scout Tower |
| 49:08 | Guard Tower |
| 49:15 | Guard Tower |
| 49:23 | Orb of Fire |
| 49:43 | Peasant |
| 49:43 | Peasant |
| 49:43 | Peasant |
| 49:43 | Peasant |
| 50:13 | Scroll of Town Portal |
| 51:25 | Potion of Lesser Invulnerability |
| 51:36 | Mass Teleport |
| Right click | 1543 |
| Select | 653 |
| Select group | 363 |
| Build/train/purchase | 291 |
| Assign group | 41 |
| Use ability | 35 |
| Misc. action | 4 |
| Item give/drop | 4 |
| Remove unit | 4 |
| Minimap ping | 1 |